 Dungeon Crawl Stone Soup version 0.23.1 (webtiles) character file.

Game seed: 2642808939273594834

208 Norn the Poker (level 5, 0/41 HPs)
             Began as a Merfolk Skald on Mar 10, 2019.
             Succumbed to a worker ant's poison
             ... on level 4 of the Dungeon.
             The game lasted 00:07:11 (4213 turns).

Norn the Poker (Merfolk Skald)                      Turns: 4213, Time: 00:07:12

Health: 0/41       AC:  3    Str: 11    XL:     5   Next: 86%
Magic:  2/8        EV: 13    Int: 19    God:
Gold:   65         SH:  0    Dex: 13    Spells: 0/8 levels left

rFire    . . .     SeeInvis .   a - +0 spear
rCold    . . .     Gourm    .   (no shield)
rNeg     . . .     Faith    .   b - +0 leather armour
rPois    .         Spirit   .   (no helmet)
rElec    .         Reflect  .   (no cloak)
rCorr    .         Harm     .   (no gloves)
MR       .....                  (no boots)
Stlth    +.........             (no amulet)
HPRegen  0.13/turn              (no ring)
MPRegen  0.11/turn              (no ring)

@: brilliant, lethally poisoned (0 -> -10)
A: change form in water, swift swim, stealthy swim
a: no special abilities


You were on level 4 of the Dungeon.
You were not hungry.

You visited 1 branch of the dungeon, and saw 4 of its levels.

You collected 65 gold pieces.

Inventory:

Hand Weapons
 a - a +0 spear (weapon)
Missiles
 m - a throwing net (quivered) {!f}
Armour
 b - a +0 leather armour (worn)
 n - a +0 pair of boots
   (You found it on level 2 of the Dungeon)
Jewellery
 i - an uncursed ring of see invisible {unknown}
   (You found it on level 2 of the Dungeon)
 j - an uncursed ring of flight {unknown}
   (You found it on level 2 of the Dungeon)
 l - a cursed ring of attention {unknown}
   (You found it on level 2 of the Dungeon)
Scrolls
 d - 2 scrolls of enchant armour {unknown}
 h - 3 scrolls of remove curse {unknown}
 k - 5 scrolls of identify {unknown}
 q - a scroll of immolation {unknown}
 t - 3 scrolls of amnesia {unknown}
Potions
 c - a potion of ambrosia {unknown}
 o - a potion of agility {unknown}
 p - a potion of resistance
Comestibles
 e - 6 rations {!d}
 r - 3 chunks of flesh


   Skills:
 + Level 3.4 Fighting
 * Level 5.9 Polearms
 - Level 0.6 Armour
 + Level 4.1 Dodging
 - Level 2.0 Spellcasting
 + Level 4.2 Charms


You couldn't memorise any spells.
You knew the following spells:

 Your Spells              Type           Power        Failure   Level  Hunger
a - Infusion              Chrm           ####         1%          1    #......
q - Shroud of Golubria    Chrm/Tloc      ###.......   1%          2    ###....
t - Spectral Weapon       Hex/Chrm       ###.....     3%          3    ###....
w - Song of Slaying       Chrm           ####....     1%          2    ###....

Your spell library contained the following spells:

 Spells                   Type           Power        Failure   Level  Hunger
 Regeneration             Chrm/Necr      ###.......   3%          3    ###....


Dungeon Overview and Level Annotations

Branches:
Dungeon (4/15)
 Temple: D:4-7

Altars:
Hepliaklqana
Qazlal
Sif Muna
Trog
Vehumet
Xom
The Shining One


Message History

You begin infusing your attacks with magical energy.
You feel sick. The worker ant bites you.
You barely miss the worker ant. The worker ant bites you.
Your leather armour prevents you from hitting the worker ant.
You feel sick. The worker ant bites you.
You are more poisoned.
The worker ant poisons you!
You hit the worker ant.
You feel sick. The worker ant barely misses you.
You closely miss the worker ant.
You feel sick. The worker ant bites you.
* * * LOW HITPOINT WARNING * * *
You draw out your weapon's spirit!
You feel sick. The worker ant bites you.
* * * LOW HITPOINT WARNING * * *
Okay, then.
Okay, then.
Unknown command.
Okay, then.
You hit the worker ant.
Your spectral weapon hits the worker ant from afar.
The worker ant closely misses you.
You closely miss the worker ant.
You feel sick.
Your spectral weapon hits the worker ant from afar.
The worker ant bites you.
* * * LOW HITPOINT WARNING * * *
You are more poisoned.
The worker ant poisons you!
You hit the worker ant.
* * * LOW HITPOINT WARNING * * *
You feel sick.
Your spectral weapon hits the worker ant from afar.
The worker ant misses you.
It was a potion of resistance.
You feel protected.
* * * LOW HITPOINT WARNING * * *
You feel sick. The worker ant bites you.
* * * LOW HITPOINT WARNING * * *
It was a potion of might.
You feel very mighty all of a sudden.
* * * LOW HITPOINT WARNING * * *
You feel sick. The worker ant barely misses you.
It was a potion of cancellation.
Your magical effects are unravelling.
You feel magically purged.
You feel a little less mighty now.
Your resistance to elements expires.
You are no longer magically infusing your attacks.
* * * LOW HITPOINT WARNING * * *
You feel sick.
The worker ant bites you but does no damage.
It was a potion of brilliance.
You feel clever all of a sudden.
You die...

#####+#####
#...@.....#
#...(a....#
#........##
#.......##
#......)#
......#.#
#.######.#
#. .#


You could see a worker ant and a friendly spectral +0 spear.

Vanquished Creatures
  A hound (D:3)
  A worker ant (D:2)
  8 adders
  2 worms
  2 dart slugs
  2 orcs
  6 giant cockroaches
  6 goblins
  10 hobgoblins
  7 jackals
  9 kobolds
  A quokka (D:2)
  10 bats
  3 frilled lizards
  6 rats
74 creatures vanquished.

Notes
Turn   | Place    | Note
-------+----------+-------------------------------------------
     0 | D:1      | Norn the Merfolk Skald began the quest for the Orb.
     0 | D:1      | Reached XP level 1. HP: 16/16 MP: 3/3
   211 | D:1      | Reached XP level 2. HP: 23/23 MP: 0/5
   215 | D:1      | Learned a level 2 spell: Shroud of Golubria
   725 | D:1      | Reached XP level 3. HP: 24/28 MP: 1/6
   730 | D:1      | Learned a level 3 spell: Spectral Weapon
   785 | D:1      | Reached skill level 4 in Polearms
   951 | D:1      | Found a bloodstained altar of Trog.
   953 | D:1      | Found a hide-covered altar of Uskayaw.
   953 | D:1      | Found a radiant altar of Vehumet.
   955 | D:1      | Found a shimmering altar of Xom.
   955 | D:1      | Found a bloodstained altar of Trog.
   955 | D:1      | Found a deep blue altar of Sif Muna.
  1673 | D:2      | Reached XP level 4. HP: 30/34 MP: 3/7
  1724 | D:2      | Found a stormy altar of Qazlal.
  2282 | D:2      | Reached skill level 5 in Polearms
  2613 | D:2      | Found a glowing golden altar of the Shining One.
  2840 | D:2      | Reached XP level 5. HP: 41/41 MP: 4/8
  2863 | D:2      | Learned a level 2 spell: Song of Slaying
  3149 | D:3      | Found a deep blue altar of Sif Muna.
  3149 | D:3      | Found a hazy altar of Hepliaklqana.
  4211 | D:4      | HP: 2/41 [poisoned by a worker ant]
  4213 | D:4      | Succumbed to a worker ant's poison

Skill      XL: |  1  2  3  4  5 |
---------------+----------------+-----
Dodging        | 3 4 |  4.1
Polearms       | 4 5 |  5.9
Fighting       | 3 |  3.4
Charms         | 4 |  4.2
Armour         | |  0.6
Spellcasting   | |  2.0

Action                   |  1- 3 |  4- 6 || total
-------------------------+-------+-------++-------
Melee: Spear             |   125 |   161 ||   286
 Cast: Infusion          |    19 |    11 ||    30
       Shroud of Golubri |     1 |     5 ||     6
       Spectral Weapon   |       |     1 ||     1
  Use: Potion            |       |     4 ||     4
  Eat: Chunk             |     3 |     9 ||    12
Armor: Leather armour    |    23 |    24 ||    47
Dodge: Dodged            |    60 |    75 ||   135
